 Dungeon Crawl Stone Soup version 0.30-a0-218-gedb9141078 (webtiles) character file.

Game seed: 12441238121178828307

11 IdlyInterested the Charlatan (level 2, -1/20 HPs)
             Began as a Demonspawn Wanderer on Oct 5, 2022.
             Slain by a hobgoblin (3 damage)
             ... on level 1 of the Dungeon.
             The game lasted 00:02:10 (178 turns).

IdlyInterested the Charlatan (Demonspawn Wanderer)   Turns: 178, Time: 00:02:11

Health: -1/20      AC:  2    Str: 10    XL:     2   Next: 13%
Magic:  3/3        EV: 11    Int: 14    God:
Gold:   12         SH:  0    Dex: 13    Spells: 2/3 levels left

rFire   . . .      SeeInvis .    f - +0 hand axe
rCold   . . .      Faith    .    (no shield)
rNeg    . . .      Spirit   .    e - +0 robe
rPois   .          Reflect  .    (no helmet)
rElec   .          Harm     .    (no cloak)
rCorr   .          Rampage  .    (no gloves)
Will    .....                    (no boots)
Stlth   +.........               (no amulet)
HPRegen 0.23/turn                (no ring)
MPRegen 0.16/turn                (no ring)

@: no status effects
A: magic regeneration
a: no special abilities


You were on level 1 of the Dungeon.
You visited 1 branch of the dungeon, and saw 1 of its levels.

You collected 12 gold pieces.

Inventory:

Hand Weapons
 a - a +0 dagger
 f - a +0 hand axe (weapon)
Missiles
 b - 14 poisoned darts (quivered)
Armour
 e - a +0 robe (worn)
Wands
 c - a wand of light (2)
Scrolls
 d - a scroll of butterflies


   Skills:
 + Level 0.7 Fighting
 - Level 2.0 Throwing
 - Level 1.0 Armour
 + Level 0.0 Dodging
 - Level 1.0 Spellcasting
 * Level 2.2 Translocations
 - Level 4.0 Evocations


You had 2 spell levels left.
You knew the following spells:

 Your Spells              Type           Power      Damage    Failure   Level
a - Apportation           Tloc           12%        N/A       11%         1

Your spell library contained the following spells:

 Spells                   Type           Power      Damage    Failure   Level
 Vhi's Electric Charge    Tloc/Air       6%         N/A       45%         3


Dungeon Overview and Level Annotations

Branches:
Dungeon (1/15)

Altars:


Innate Abilities, Weirdness & Mutations

You regenerate magic rapidly.


Message History

Throw: 17 darts (poison)
Press: ? - help, Q - select action, (/) - cycle Shift-Dir - straight line, f/p - jackal
Aim: a jackal (50% to hit)
You throw a poisoned dart. The poisoned dart hits the jackal.
The jackal is poisoned.
The jackal closely misses you. The jackal bites you.
* * * LOW HITPOINT WARNING * * *
You closely miss the jackal. The jackal misses you.
You hit the jackal.
The jackal is heavily wounded.
The jackal bites you.
* * * LOW HITPOINT WARNING * * *
The jackal bites you.
* * * LOW HITPOINT WARNING * * *
You aren't carrying any potions.
You hit the jackal.
The jackal is almost dead.
You kill the jackal!
Throw: 16 darts (poison)
Press: ? - help, Q - select action, (/) - cycle Shift-Dir - straight line, f - hobgoblin
Aim: a hobgoblin (57% to hit)
You throw a poisoned dart.
The poisoned dart closely misses the hobgoblin.
The hobgoblin closely misses you.
Throw: 15 darts (poison)
Press: ? - help, Q - select action, (/) - cycle Shift-Dir - straight line, f/p - hobgoblin
Aim: a hobgoblin (57% to hit)
You throw a poisoned dart.
The poisoned dart barely misses the hobgoblin.
The hobgoblin misses you.
You hit the hobgoblin.
The hobgoblin is heavily wounded.
The hobgoblin hits you but does no damage.
You barely miss the hobgoblin.
The hobgoblin is heavily wounded.
The hobgoblin barely misses you. The hobgoblin closely misses you.
You barely miss the hobgoblin.
The hobgoblin is moderately wounded.
The hobgoblin hits you.
You die...

##.# #.............# #....
###...###..###.#####..###.###
#.......#..# #.# ..#........
.#...#.#†(# #.# ###.#...####
...hhh.:h..# #.#.#.......###
#.##.##.#..# #..#).........#
.. #.##.# #.###.........# ..#
###.##.####.#..........# .
..(.....g@....#########.##
####.##.####### ####.8.8.
#.##.# ###.8...... #$ #.#
#.......... #$. #.8..######
### #....#tkhSh #.8).######
#.......... #..........


You could see a hobgoblin.

Vanquished Creatures
  A ball python (D:1)
  2 giant cockroaches (D:1)
  4 jackals (D:1)
  A bat (D:1)
  A frilled lizard (D:1)
9 creatures vanquished.

Notes
Turn   | Place    | Note
-------+----------+-------------------------------------------
     0 | D:1      | IdlyInterested the Demonspawn Wanderer began the quest for
                  | the Orb.
     0 | D:1      | IdlyInterested set off with the following items: a +0
                  | dagger, 13 poisoned darts, a wand of light (2), a scroll of
                  | butterflies, a +0 robe; and the following spell memorised:
                  | Apportation; and the following spells available to
                  | memorise: Vhi's Electric Charge.
     0 | D:1      | Reached XP level 1. HP: 13/13 MP: 2/2
     6 | D:1      | Noticed a snapping turtle
     6 | D:1      | Noticed a swamp drake
     7 | D:1      | Noticed a water moccasin
     7 | D:1      | Noticed a black bear
   163 | D:1      | Gained mutation: You regenerate magic rapidly. [demonic
                  | ancestry]
   163 | D:1      | Reached XP level 2. HP: 9/20 MP: 3/3
   172 | D:1      | HP: 1/20 [jackal (2)]
   178 | D:1      | Slain by a hobgoblin

Illustrated notes

Levels and vault maps discovered:
D:1:      onia_arrival_zoo_common, layout_loops_ring,
          ebering_ecumenical_altar_rust, minmay_pentomino_q4

Skill      XL: |  1 |
---------------+----+-----
Translocations | 2 |  2.2
Throwing       | 2 |  2.0
Fighting       | |  0.7
Armour         | |  1.0
Spellcasting   | |  1.0
Evocations     | |  4.0

Action                   || total
-------------------------++-------
Melee: Hand axe          ||    29
       Dagger            ||     1
Throw: Dart              ||     8
Armor: Robe              ||     5
Dodge: Dodged            ||    29

Table legend: (Time is in decaauts)
 A = Elapsed time spent in this place.
 B = Non-inter-level travel time spent in this place.
 C = Inter-level travel time spent in this place.
 D = Time resting spent in this place.
 E = Time spent auto-exploring this place.
 F = Levels seen in this place.
 G = Mean time per level.
                   A        B        C        D        E       F      G
               +--------+--------+--------+--------+--------+-----+--------+
         Total |    185 |    185 |      0 |      3 |     93 |   1 |  185.0 |
       Dungeon |    185 |    185 |      0 |      3 |     93 |   1 |  185.0 |
               +--------+--------+--------+--------+--------+-----+--------+

Top non-repeatable levels by time:
     D:1: 185 daAuts
